 Dungeon Crawl Stone Soup version 0.30-a0-802-gb92711bcdf (webtiles) character file.

Game seed: 7232975661554009428

71054 cforsyth the Spry (level 15, -9/93 HPs)
             Began as a Kobold Brigand on Feb 23, 2023.
             Was the Champion of Hepliaklqana.
             Mangled by a red devil
             ... wielding a +0 trident
             ... summoned by an orc sorcerer
             ... led by an orc warlord
              (10 damage)
             ... while paralysed by an orc sorcerer
             ... on level 1 of the Orcish Mines.
             The game lasted 00:39:06 (21521 turns).

cforsyth the Spry (Kobold Brigand)                 Turns: 21521, Time: 00:39:06

Health: -9/93      AC:  8    Str:  8    XL:     15   Next: 80%
Magic:  15/15      EV:  3    Int: 13    God:    Hepliaklqana [******]
Gold:   1341       SH:  0    Dex: 33    Spells: 14/14 levels left

rFire   . . .      SeeInvis .    a - +12 long sword of Hatehuaga {drain, Dex+3}
rCold   . . .      Faith    .    (no shield)
rNeg    . . .      Spirit   .    K - +0 troll leather armour
rPois   .          Reflect  .    o - +1 hat
rElec   .          Harm     .    N - +1 cloak
rCorr   .          Rampage  .    Z - +0 pair of gloves
Will    +....                    (no boots)
Stlth   ++++++++                 r - amulet of the acrobat
HPRegen 1.15/turn                y - +5 ring of evasion
MPRegen 0.14/turn                Y - +6 ring of dexterity

@: paralysed, spiked, studying Ranged Weapons
A: reduced essence, small, no large weapons, nightstalker 3
a: Renounce Religion, Recall Ancestor, Ancestor Identity, Transference, Idealise


You were on level 1 of the Orcish Mines.
You worshipped Hepliaklqana.
Hepliaklqana was exalted by your worship.
You visited 4 branches of the dungeon, and saw 22 of its levels.
You also visited: Sewer and Ossuary.

You collected 1596 gold pieces.
You spent 255 gold pieces at shops.

Inventory:

Hand Weapons
 a - the +12 long sword of Hatehuaga (weapon) {drain, Dex+3}
   (You found it on level 8 of the Dungeon)

   Dex:       It affects your dexterity (+3).
 b - a +4 scimitar of flaming
 v - a +5 short sword of freezing
 R - a +2 dagger of holy wrath
Missiles
 d - 40 poisoned darts (quivered)
 e - 10 curare-tipped darts
 C - 3 throwing nets
Armour
 o - a +1 hat (worn)
 K - a +0 troll leather armour (worn)
 N - a +1 cloak (worn)
 P - a +2 robe of resistance
 Z - a +0 pair of gloves (worn)
Jewellery
 g - an amulet of regeneration
 r - an amulet of the acrobat (around neck)
 y - a +5 ring of evasion (left hand)
 A - a ring of positive energy
 L - a ring of protection from fire
 Q - a ring of protection from fire
 Y - a +6 ring of dexterity (right hand)
Wands
 w - a wand of polymorph (27)
 F - a wand of digging (7)
 J - a wand of mindburst (22)
 M - a wand of charming (12)
 O - a wand of iceblast (11)
 W - a wand of light (8)
 X - a wand of flame (21)
Scrolls
 c - 10 scrolls of identify
 f - 6 scrolls of teleportation
 i - 3 scrolls of fear
 j - 5 scrolls of fog
 p - 4 scrolls of vulnerability
 z - 3 scrolls of torment
 E - 5 scrolls of blinking
 H - 5 scrolls of poison
 I - a scroll of magic mapping
 S - 2 scrolls of enchant weapon
 T - 2 scrolls of amnesia
 V - a scroll of enchant armour
Potions
 h - 7 potions of lignification
 k - 4 potions of mutation
 l - 3 potions of haste
 m - 13 potions of curing
 n - a potion of invisibility
 q - 3 potions of brilliance
 s - 2 potions of resistance
 t - 4 potions of might
 u - a potion of ambrosia
 x - 2 potions of flight
 B - 2 potions of heal wounds
 D - 2 potions of berserk rage
 G - 5 potions of attraction
 U - 3 potions of cancellation


   Skills:
 + Level 15.7 Fighting
 - Level 10.8(14.5) Short Blades
 + Level 10.2(11.1) Long Blades
 - Level 2.1 Throwing
 + Level 16.9 Dodging
 - Level 15.9 Stealth


You had 14 spell levels left.
You didn't know any spells.
Your spell library contained the following spells:

 Spells                   Type           Power      Damage    Failure   Level
 Foxfire                  Conj/Fire      0%         2x1d4     41%         1
 Freeze                   Ice            0%         1d3       41%         1
 Kiss of Death            Conj/Necr      0%         2d5       41%         1
 Sting                    Tmut/Pois      0%         1d3       41%         1
 Poisonous Vapours        Pois/Air       0%         N/A       56%         2
 Confusing Touch          Hex            0%         N/A       80%         3
 Frozen Ramparts          Ice            0%         1d1       80%         3
 Gell's Gravitas          Tloc           0%         N/A       80%         3
 Hailstorm                Conj/Ice       0%         3d3       80%         3
 Ignite Poison            Fire/Tmut/Pois 0%         N/A       80%         3
 Inner Flame              Hex/Fire       0%         N/A       80%         3
 Kindle Blastsparks       Fire/Tloc/Air  0%         2d10      80%         3
 Ozocubu's Armour         Ice            0%         N/A       80%         3
 Summon Guardian Golem    Hex/Summ       0%         N/A       80%         3
 Teleport Other           Tloc           0%         N/A       80%         3
 Dispel Undead            Necr           0%         3d6       99%         4
 Flame Wave               Conj/Fire      0%         2d4       99%         4
 Manifold Assault         Tloc           0%         N/A       99%         4
 Olgreb's Toxic Radiance  Pois           0%         N/A       99%         4
 Passage of Golubria      Tloc           0%         N/A       99%         4
 Sticky Flame             Conj/Fire      0%         2d3       99%         4
 Alistair's Intoxication  Tmut/Pois      0%         N/A       100%        5
 Borgnjor's Vile Clutch   Necr/Erth      0%         N/A       100%        5
 Fireball                 Conj/Fire      0%         3d3       100%        5
 Freezing Cloud           Conj/Ice/Air   0%         6-21      100%        5
 Metabolic Englaciation   Hex/Ice        0%         N/A       100%        5
 Silence                  Hex/Air        0%         N/A       100%        5
 Summon Forest            Summ/Tloc      0%         N/A       100%        5
 Dispersal                Tloc           0%         N/A       100%        6
 Eringya's Noxious Bog    Tmut/Pois      0%         N/A       100%        6
 Simulacrum               Ice/Necr       0%         N/A       100%        6
 Starburst                Conj/Fire      0%         6d3       100%        6
 Orb of Destruction       Conj           0%         9d5       100%        7
 Spellforged Servitor     Conj/Summ      0%         N/A       100%        7
 Summon Hydra             Summ           0%         N/A       100%        7
 Disjunction              Tloc           0%         N/A       100%        8
 Lehudib's Crystal Spear  Conj/Erth      0%         10d2      100%        8


Dungeon Overview and Level Annotations

Branches:
Dungeon (15/15)            Temple (1/1) D:5            Lair (5/5) D:10
  Swamp (0/4) Lair:3        Snake (0/4) Lair:3        Slime (0/5) Lair:5
    Orc (1/2) D:10          Sewer (visited)         Ossuary (visited)
 Vaults: D:13-14     Depths: D:15

Altars:
Ashenzari
Cheibriados
Dithmenos
Elyvilon
Fedhas
Gozag
Hepliaklqana
Kikubaaqudgha
Makhleb
Nemelex Xobeh
Okawaru
Qazlal
Ru
Sif Muna
Trog
Uskayaw
Vehumet
Wu Jian
Xom
Yredelemnul
Zin
The Shining One
Jiyva

Shops:
D:4 [   D:9 [

Annotations:
D:14 1 runed translucent door, Qesae's ghost, journeyman FeSu


Innate Abilities, Weirdness & Mutations

Your life essence is reduced to manifest your ancestor. (-10% HP)
You are small and have problems with some larger weapons.
You are completely attuned to the shadows.


Message History

Barbed spikes become lodged in your body.
The ufetubus shouts!
The ufetubus hits you but does no damage.
The ufetubus hits you.
The orc warrior hits you from afar with a +0 halberd!
The orc sorcerer hits you but does no damage.
The ynoxinul gestures.
The orc warrior hits you with a +0 flail.
The red devil hits you from afar with a +0 trident!!
Barbed spikes become lodged in your body.
The ufetubus disappears in a puff of smoke!
The orc warrior hits you from afar with a +0 halberd.
The ufetubus hits you but does no damage.
The ufetubus hits you.
The orc sorcerer hits you but does no damage.
The orc warrior hits you with a +0 flail!
The ufetubus hits you.
The ufetubus hits you but does no damage.
The red devil hits you from afar with a +0 trident!
* * * LOW HITPOINT WARNING * * *
Barbed spikes become lodged in your body.
The ufetubus hits you but does no damage.
The ufetubus hits you.
* * * LOW HITPOINT WARNING * * *
The ufetubus hits you but does no damage.
The ufetubus hits you.
* * * LOW HITPOINT WARNING * * *
The orc warrior hits you from afar with a +0 halberd!
* * * LOW HITPOINT WARNING * * *
The ufetubus barely misses you.
The ufetubus hits you but does no damage.
The ufetubus hits you.
* * * LOW HITPOINT WARNING * * *
The ufetubus barely misses you.
The orc sorcerer hits you with a +0 dagger.
* * * LOW HITPOINT WARNING * * *
The orc warrior hits you with a +0 flail.
* * * LOW HITPOINT WARNING * * *
The red devil hits you from afar with a +0 trident!
You die...

### ### ##.###.####
.. #####...#.....##
...##.#.............
....#................
#............#.....#.
.....55.........#....
....53o5.........#...
...)@o4o.............
.##.5o5..............
#.5.5[.............
##.........>.......
#..................
##...#........#....
##.#^........#....
####............)
###...........)


You could see a ynoxinul (summoned), an orc sorcerer, a red devil (summoned), 2
orc warriors, an orc priest and 8 ufetubi.

Vanquished Creatures
  Gastronok (Lair:3)
  Kirke (D:12)
  An orc warlord (Orc:1)
  A dire elephant (Lair:5)
  A hydra (Lair:5)
  Fannar (Lair:3)
  2 catoblepae
  A boulder beetle (D:12)
  An anaconda (Lair:4)
  3 two-headed ogres
  2 skysharks
  Lodul (D:14)
  A goliath frog (Lair:5)
  An orc knight (Orc:1)
  2 cyclopes (D:11)
  2 deep elf pyromancers (D:12)
  2 ugly things
  2 orc sorcerers (Orc:1)
  A necromancer (Lair:2)
  4 manticores
  An oklob plant (Lair:3)
  9 elephants
  Maurice (D:8)
  21 cane toads
  A gargoyle (D:11)
  9 black mambas
  2 torpor snails
  5 komodo dragons
  A yaktaur (D:12)
  A tengu conjurer (D:15)
  4 trolls
  3 polar bears
  A tyrant leech (Lair:5)
  20 blink frogs
  A hornet (D:10)
  2 dream sheep (Lair:1)
  7 slime creatures
  A shadow (D:11)
  3 wraiths
  A centaur simulacrum (D:14)
  3 wyverns
  43 yaks
  2 basilisks (Lair:4)
  Grum (D:8)
  14 vampire mosquitoes
  2 steam dragons
  4 wargs (Orc:1)
  2 acid dragons
  15 water moccasins
  13 orc warriors
  2 black bears
  11 ogres
  3 sky beasts (D:6)
  3 ice beasts
  4 wolves
  4 centaurs
  2 elephant zombies (Lair:3)
  2 kobold brigands
  16 bullfrogs
  An elf zombie (Ossuary)
  A necrophage (D:4)
  3 gnoll sergeants
  6 scorpions
  4 wights
  13 killer bees
  2 vampire bats (D:12)
  3 howler monkeys
  6 electric eels
  A basilisk zombie (Lair:3)
  2 centaur zombies (Ossuary)
  5 hounds
  5 jellies (Lair:5)
  8 orc priests
  2 iguanas
  20 orc wizards
  A polar bear simulacrum (Lair:2)
  2 yak simulacra (Lair:2)
  3 wolf simulacra (Lair:2)
  2 mummies (Ossuary)
  13 gnolls
  13 adders
  A river rat (Sewer)
  A shadow imp (D:6)
  A white imp (D:8)
  3 adder zombies (Ossuary)
  4 worms
  2 dart slugs
  44 orcs
  7 endoplasms
  4 giant cockroaches
  3 goblins
  3 hobgoblins
  6 jackals
  12 kobolds
  4 quokkas
  10 ball pythons
  5 bats
  7 frilled lizards
  2 goblin zombies (D:8)
  11 hobgoblin zombies (Ossuary)
  6 kobold zombies (Ossuary)
  8 orc zombies (Ossuary)
  11 rats
  3 rat zombies
  5 river rat simulacra (Lair:2)
  3 bushes (Lair:3)
553 creatures vanquished.

Vanquished Creatures (collateral kills)
  Erica (D:8)
  2 two-headed ogres
  Amaemon (Lair:3)
  A necromancer (Lair:3)
  2 oklob plants (Lair:4)
  An ugly thing (D:14)
  An orc sorcerer (Orc:1)
  2 black mambas
  An orange demon (Lair:3)
  An unseen horror (D:10)
  Maggie (D:10)
  A komodo dragon (Lair:1)
  A troll (D:7)
  A tyrant leech (Lair:5)
  4 blink frogs
  A slime creature (D:14)
  2 wraiths
  A hog (D:12)
  A water elemental (D:13)
  9 yaks
  2 basilisks
  A vampire mosquito (Lair:5)
  3 acid dragons
  4 water moccasins
  3 orc warriors
  4 wolves
  2 kobold brigands
  A bullfrog (D:8)
  A scorpion (D:6)
  2 killer bees
  An electric eel (D:10)
  3 howler monkeys
  2 vampire bats (D:12)
  2 orc priests
  2 orc wizards
  3 gnolls
  A white imp (D:7)
  5 orcs
  A kobold (D:10)
  2 bats (D:12)
  A hobgoblin zombie (Ossuary)
  A kobold zombie (Ossuary)
  2 orc zombies (Ossuary)
  5 bushes (Lair:3)
89 creatures vanquished.

Vanquished Creatures (others)
  A human (D:12)
  An electric eel (D:10)
  13 hexers
  2 ancestors
  19 fungi
  117 plants
153 creatures vanquished.

Grand Total: 795 creatures vanquished

Notes
Turn   | Place    | Note
-------+----------+-------------------------------------------
     0 | D:1      | cforsyth the Kobold Brigand began the quest for the Orb.
     0 | D:1      | Reached XP level 1. HP: 12/12 MP: 1/1
   133 | D:1      | Reached XP level 2. HP: 18/18 MP: 2/2
   320 | D:1      | Reached XP level 3. HP: 22/22 MP: 3/3
   682 | D:2      | Reached skill level 2 in Dodging
  1473 | D:2      | Reached XP level 4. HP: 22/27 MP: 4/4
  2020 | D:3      | Reached XP level 5. HP: 5/32 MP: 5/5
  2043 | D:3      | Reached skill level 3 in Dodging
  2119 | D:3      | Found a glowing drain.
  2162 | Sewer    | Entered a sewer
  2604 | Sewer    | Reached XP level 6. HP: 37/37 MP: 6/6
  3140 | D:4      | Found a shadowy altar of Dithmenos.
  3829 | D:4      | Found Wukke's Antique Armour Shoppe.
  3906 | D:4      | Reached skill level 5 in Short Blades
  4011 | D:4      | Reached skill level 4 in Dodging
  4011 | D:4      | Reached XP level 7. HP: 43/43 MP: 7/7
  4343 | D:5      | Entered Level 5 of the Dungeon
  4698 | D:5      | Found a staircase to the Ecumenical Temple.
  4711 | Temple   | Entered the Ecumenical Temple
  4716 | Temple   | Became a worshipper of Hepliaklqana the Forgotten
  4795 | D:5      | Reached skill level 5 in Dodging
  4795 | D:5      | Reached XP level 8. HP: 48/48 MP: 8/8
  4818 | D:5      | Reached skill level 5 in Fighting
  5514 | D:6      | Reached skill level 6 in Dodging
  5556 | D:6      | Reached XP level 9. HP: 55/55 MP: 9/9
  5688 | D:6      | Found a basalt altar of Yredelemnul.
  6005 | D:6      | Reached * piety under Hepliaklqana
  6011 | D:6      | Identified the +5 trident of the Burning Ass {antimagic,
                  | Str+4}
  6087 | D:6      | Reached skill level 7 in Dodging
  6087 | D:6      | Reached skill level 10 in Stealth
  6665 | D:7      | Found a sacrificial altar of Ru.
  7378 | D:7      | Noticed a troll
  7908 | D:7      | Killed a troll
  7909 | D:7      | Reached XP level 10. HP: 41/56 MP: 10/10
  7984 | D:7      | Found an ancient bone altar of Kikubaaqudgha.
  8024 | D:8      | Noticed Maurice
  8035 | D:8      | Reached skill level 8 in Dodging
  8062 | D:8      | Killed Maurice
  8079 | D:8      | Reached ** piety under Hepliaklqana
  8087 | D:8      | Noticed Grum
  8106 | D:7      | Remembered your ancestor Agathocles as a hexer
  8311 | D:8      | Found a sand-covered staircase.
  8317 | Ossuary  | Entered an ossuary
  8637 | D:8      | Killed Grum
  8638 | D:8      | Reached skill level 10 in Short Blades
  8764 | D:8      | Reached skill level 9 in Dodging
  8800 | D:8      | Identified the +12 long sword of Hatehuaga {drain, Dex+3}
  9089 | D:8      | Noticed Erica
  9107 | D:8      | Killed Erica
  9304 | D:8      | Reached XP level 11. HP: 53/62 MP: 11/11
  9526 | D:9      | Noticed a two-headed ogre
  9531 | D:9      | Killed a two-headed ogre
  9910 | D:9      | Found an iron altar of Okawaru.
  9951 | D:9      | Found Tecyck's Antique Armour Emporium.
  9959 | D:9      | Bought an embroidered cloak for 255 gold pieces
 10080 | D:9      | Reached skill level 1 in Long Blades
 10231 | D:9      | Reached *** piety under Hepliaklqana
 10238 | D:9      | Reached skill level 10 in Dodging
 10512 | D:10     | Entered Level 10 of the Dungeon
 10520 | D:10     | Noticed a two-headed ogre
 10524 | D:10     | Killed a two-headed ogre
 10775 | D:10     | Found a glowing golden altar of the Shining One.
 10786 | D:10     | Noticed Maggie
 10793 | D:10     | Killed Maggie
 11004 | D:10     | Found a glowing silver altar of Zin.
 11150 | D:10     | Noticed a two-headed ogre
 11172 | D:9      | Reached skill level 10 in Fighting
 11319 | D:9      | Killed a two-headed ogre
 11483 | D:10     | Found a staircase to the Lair.
 11661 | D:10     | Found a staircase to the Orcish Mines.
 11805 | D:11     | Noticed a manticore
 11809 | D:11     | Killed a manticore
 11810 | D:11     | Reached skill level 11 in Dodging
 11810 | D:11     | Reached XP level 12. HP: 69/69 MP: 12/12
 12296 | D:11     | Noticed a two-headed ogre
 12497 | D:11     | Killed a two-headed ogre
 12627 | D:11     | Reached **** piety under Hepliaklqana
 12883 | D:12     | Noticed a two-headed ogre
 12889 | D:12     | Killed a two-headed ogre
 12890 | D:12     | Reached skill level 5 in Long Blades
 12890 | D:12     | Reached skill level 12 in Dodging
 12890 | D:12     | Reached skill level 15 in Stealth
 12961 | D:12     | Noticed Kirke
 12976 | D:12     | Killed Kirke
 13056 | D:12     | Reached XP level 13. HP: 75/75 MP: 13/13
 14152 | D:13     | You fall into a shaft and drop 2 floors!
 14152 | D:15     | Entered Level 15 of the Dungeon
 14283 | D:15     | Reached ***** piety under Hepliaklqana
 14314 | D:14     | Found a runed translucent door.
 14315 | D:14     | Noticed Qesae's ghost (journeyman FeSu)
 14329 | D:14     | Noticed Lodul
 14348 | D:14     | Killed Lodul
 14349 | D:14     | Reached skill level 13 in Dodging
 14677 | D:14     | Noticed a six-headed hydra
 14795 | Lair:1   | Entered Level 1 of the Lair of Beasts
 15843 | Lair:2   | Noticed a catoblepas
 15850 | Lair:2   | Killed a catoblepas
 15953 | Lair:2   | You fall into a shaft and drop 2 floors!
 15953 | Lair:4   | Noticed an anaconda
 15962 | Lair:4   | Killed an anaconda
 15966 | Lair:4   | Reached skill level 14 in Dodging
 15966 | Lair:4   | Reached XP level 14. HP: 46/84 MP: 12/14
 16088 | Lair:3   | Found a staircase to the Snake Pit.
 16123 | Lair:3   | Noticed Gastronok
 16135 | Lair:3   | Killed Gastronok
 16172 | Lair:3   | Noticed Amaemon
 16180 | Lair:3   | Killed Amaemon
 17020 | Lair:3   | Noticed Fannar
 17200 | Lair:3   | Killed Fannar
 17595 | Lair:3   | Found a blossoming altar of Fedhas.
 17645 | Lair:3   | Found a staircase to the Swamp.
 17841 | Lair:3   | Identified the +11 hand axe of Slimy Duty {venom, rN+ rCorr
                  | Dex-2}
 18451 | Lair:4   | Reached skill level 15 in Dodging
 18827 | Lair:4   | Identified the +0 quarterstaff of Blood {drain, rN+}
 19408 | Lair:4   | Reached XP level 15. HP: 77/90 MP: 15/15
 19438 | Lair:4   | Reached ****** piety under Hepliaklqana
 19952 | Lair:5   | Entered Level 5 of the Lair of Beasts
 20158 | Lair:5   | Reached skill level 16 in Dodging
 20270 | Lair:5   | Reached skill level 15 in Fighting
 20665 | Lair:5   | Reached skill level 10 in Long Blades
 20826 | Lair:5   | Found a viscous altar of Jiyva.
 20839 | Lair:5   | Found a staircase to the Slime Pits.
 21113 | Orc:1    | Entered Level 1 of the Orcish Mines
 21260 | Orc:1    | Noticed an orc warlord
 21423 | Orc:1    | Noticed an orc warlord
 21488 | Orc:1    | Killed an orc warlord
 21517 | Orc:1    | Paralysed by an orc sorcerer for 5 turns
 21521 | Orc:1    | HP: 1/93 [orc warrior/+0 flail[an orc warlord] (5)]
 21521 | Orc:1    | Mangled by a red devil

Illustrated notes

Levels and vault maps discovered:
D:1:      dpeg_arrival_pond, layout_rooms, kennysheep_doodads
D:2:      layout_basic, minmay_box_of_dots
D:3:      layout_loops_ring, gup_sewer_entry_glass
D:4:      layout_loops_corners, nicolae_dithmenos_the_darkroom, serial_shops,
          kennysheep_mini_moat, chequers_serial_rivers_marsh
D:5:      layout_basic, minmay_temple_entry_tees, kennysheep_generic_room_4
D:6:      layout_loops_ring, kennysheep_little_box
D:7:      layout_basic, lemuel_zombie_altar_kikubaaqudgha, lemuel_crystal_altar,
          kennysheep_minor_cross, minivault_27
D:8:      layout_rooms, enter_ossuary_4, st_stairs_1, uniq_maurice, uniq_erica,
          uniq_grum
D:9:      layout_big_octagon, mainiacjoe_overflow_cross_hatched, serial_shops,
          shop
D:10:     cheibrodos_helix_gallery, layout_rooms,
          chequers_temple_overflow_statue_of_worship, erik_lair_island,
          uniq_maggie
D:11:     minmay_the_grid_square_5x5_3x3 [minmay_the_grid_square_5x5_shuriken,
          minmay_the_grid_square_5x5_c, minmay_the_grid_square_5x5_three,
          minmay_the_grid_square_5x5_tetrominoes,
          minmay_the_grid_square_5x5_megaprize_hollow,
          minmay_the_grid_square_5x5_inner_v,
          minmay_the_grid_square_5x5_pentomino_r,
          minmay_the_grid_square_5x5_intrusive_squares,
          minmay_the_grid_square_5x5_bite], layout_irregular_city
D:12:     layout_basic, roderic_batcave, uniq_kirke
D:13:     cheibrodos_breeding_chamber, layout_cave_pools, nooodl_orcs_dogs
D:14:     layout_basic, erik_vaults_2, gammafunk_ghost_grave,
          nicolae_integral_box, uniq_lodul
D:15:     hangedman_depths_entry_try_elsewhere_first, layout_basic,
          uniq_josephine, uniq_agnes
Temple:   minmay_freezing_vapour_temple
Lair:1:   layout_chaotic_city, lemuel_fruit_tree
Lair:2:   layout_chaotic_city, st_stairs_10, eino_house_with_fridge,
          serial_bayou_shore_a, grunt_megastairs_3
Lair:3:   pond_and_an_island_with_a_cottage, layout_gridlike, swamp_mist,
          dummy_snake_entry, tgw_fedhas, grunt_megastairs_5, uniq_fannar,
          uniq_gastronok, uniq_amaemon
Lair:4:   beast_lair_carwin_large_4, layout_layer_cave, dpeg_oklob_1
Lair:5:   minmay_lair_end_frog_pond, layout_big_grid,
          nicolae_slime_entry_field_trip
Orc:1:    gammafunk_beogh_shrine, layout_caves, serial_shops, basic_altar,
          minmay_orc_treasury

Skill      XL: |  1  2  3  4  5  6  7  8  9 10 11 12 13 14 15 |
---------------+----------------------------------------------+-----
Short Blades   | 3 4 5 6 7 9 10 | 10.8
Dodging        | 2 3 4 5 6 7 9 11 12 14 15 16 | 16.9
Fighting       | 3 4 6 7 8 10 11 13 14 15 | 15.7
Stealth        | 6 7 8 9 10 12 13 15 | 15.9
Long Blades    | 3 5 7 9 10 | 10.2
Throwing       | |  2.1

Action                     |  1- 3 |  4- 6 |  7- 9 | 10-12 | 13-15 || total
---------------------------+-------+-------+-------+-------+-------++-------
  Melee: Dagger            |    77 |   225 |     1 |   156 |       ||   459
         Punch             |     1 |     3 |     2 |    11 |    10 ||    27
         Short sword       |       |    51 |   206 |   118 |       ||   375
         Long sword        |       |       |       |   238 |   923 ||  1161
         Scimitar          |       |       |       |       |     5 ||     5
 Invoke: Recall Ancestor   |       |       |     2 |     1 |     3 ||     6
         Ancestor Life: He |       |       |       |     1 |       ||     1
    Use: Scroll            |       |    10 |     2 |     2 |    10 ||    24
         Potion            |       |     5 |       |     1 |       ||     6
   Stab: Sleeping          |    13 |    28 |    27 |    29 |    40 ||   137
         Invisible         |       |     2 |       |       |       ||     2
         Distracted        |       |     2 |       |     9 |    24 ||    35
         Confused          |       |       |       |    19 |    22 ||    41
         Paralysed         |       |       |       |       |    19 ||    19
 Armour: Robe              |    12 |    23 |    12 |    31 |       ||    78
         Troll leather arm |       |       |       |     6 |    59 ||    65
  Dodge: Dodged            |    34 |   156 |   141 |   615 |   991 ||  1937

Table legend: (Time is in decaauts)
 A = Elapsed time spent in this place.
 B = Non-inter-level travel time spent in this place.
 C = Inter-level travel time spent in this place.
 D = Time resting spent in this place.
 E = Time spent auto-exploring this place.
 F = Levels seen in this place.
 G = Mean time per level.
                   A        B        C        D        E       F      G
               +--------+--------+--------+--------+--------+-----+--------+
         Total |  21396 |  20667 |    729 |   1520 |  14566 |  24 |  891.5 |
       Dungeon |  13871 |  13355 |    516 |   1064 |   9558 |  15 |  924.7 |
        Temple |     10 |      5 |      5 |      0 |      0 |   1 |   10.0 |
          Lair |   6335 |   6128 |    207 |    345 |   4389 |   5 | 1267.0 |
  Orcish Mines |    371 |    371 |      0 |      0 |    204 |   1 |  371.0 |
         Sewer |    578 |    578 |      0 |    111 |    314 |   1 |  578.0 |
       Ossuary |    229 |    229 |      0 |      0 |    100 |   1 |  229.0 |
               +--------+--------+--------+--------+--------+-----+--------+

Top non-repeatable levels by time:
  Lair:3: 1642 daAuts
  Lair:4: 1640 daAuts
     D:8: 1385 daAuts
     D:6: 1244 daAuts
     D:4: 1211 daAuts
    D:12: 1206 daAuts
     D:5: 1206 daAuts
     D:7: 1190 daAuts
    D:11: 1106 daAuts
     D:2: 1102 daAuts
  Lair:5: 1090 daAuts
    D:10: 1084 daAuts
  Lair:2: 1045 daAuts
     D:9: 993 daAuts
  Lair:1: 916 daAuts
